 Dungeon Crawl Stone Soup version 0.27-a0-323-gbd089401bb (webtiles) character file.

Game seed: 17770655685907998298

96 tabyourdongers the Sneak (level 4, -3/44 HPs)
             Began as a Troll Delver on Feb 10, 2021.
             Slain by an orc warrior
             ... wielding a +0 antimagic dire flail
              (6 damage)
             ... on level 7 of the Dungeon.
             The game lasted 00:00:27 (91 turns).

tabyourdongers the Sneak (Troll Delver)               Turns: 91, Time: 00:00:28

Health: -3/44      AC:  6    Str: 21    XL:     4   Next: 41%
Magic:  3/3        EV: 10    Int:  6    God:
Gold:   0          SH:  0    Dex: 11    Spells: 3/3 levels left

rFire    . . .     SeeInvis .     - Unarmed
rCold    . . .     Faith    .   (no shield)
rNeg     . . .     Spirit   .   a - +0 robe
rPois    .         Reflect  .   (helmet restricted)
rElec    .         Harm     .   (no cloak)
rCorr    .         Rampage  .   (gloves unavailable)
Will     .....                  (boots unavailable)
Stlth    ++........             (no amulet)
HPRegen  0.54/turn              (no ring)
MPRegen  0.08/turn              (no ring)

@: no status effects
A: large, unfitting armour, claws 3, regeneration 1, shaggy fur 1, tough skin 3
a: no special abilities


You were on level 7 of the Dungeon.
You visited 1 branch of the dungeon, and saw 3 of its levels.

Inventory:

Armour
 a - a +0 robe (worn)
Wands
 f - a wand of digging (3)
Scrolls
 b - a scroll of fog
 c - a scroll of magic mapping
 d - a scroll of fear
Potions
 e - a potion of haste


   Skills:
 + Level 2.7 Fighting
 + Level 1.8 Dodging
 + Level 3.6 Stealth
 + Level 2.3 Unarmed Combat


You had 3 spell levels left.
You didn't know any spells.
Your spell library was empty.

Dungeon Overview and Level Annotations

Branches:
Dungeon (6/15)
 Temple: D:4-7

Altars:


Innate Abilities, Weirdness & Mutations

You are too large for most types of armour.
You have claws for hands.
Your natural rate of healing is unusually fast.
You are covered in fur. (AC +1)
You have extremely tough skin. (AC +3)


Message History

You are too injured to fight recklessly!
You are too injured to fight recklessly!
You are too injured to fight recklessly!
You are too injured to fight recklessly!
You are too injured to fight recklessly!
You are too injured to fight recklessly!
You are too injured to fight recklessly!
You are too injured to fight recklessly!
You are too injured to fight recklessly!
You are too injured to fight recklessly!
You are too injured to fight recklessly!
You are too injured to fight recklessly!
You are too injured to fight recklessly!
You are too injured to fight recklessly!
You are too injured to fight recklessly!
You are too injured to fight recklessly!
You are too injured to fight recklessly!
You are too injured to fight recklessly!
You are too injured to fight recklessly!
You are too injured to fight recklessly!
You are too injured to fight recklessly!
You are too injured to fight recklessly!
You are too injured to fight recklessly!
You are too injured to fight recklessly!
There are monsters nearby!
You claw the orc!
You kill the orc!
The orc hits you but does no damage. The orc warrior barely misses you.
The orc priest calls down the wrath of Beogh upon you.
Beogh smites you!
* * * LOW HITPOINT WARNING * * *
An orc comes into view.
The orc shouts!
You barely miss the orc priest. Your claw misses the orc priest.
The orc priest is almost dead.
The orc priest calls upon Beogh to heal the orc priest.
The orc priest is healed somewhat.
The orc hits you with a +0 flail!
* * * LOW HITPOINT WARNING * * *
The orc warrior hits you with a +0 antimagic dire flail.
You die...

#.. ...
##...####.# .#
<....#.#..# .##
#........###..+
#.............#+
#..#.............
##........##..#
#..............
##...oo@#......
#....oo# #..#.
#.......# .#
.......... .
..#.>......
..........o
....o.....
.....####..


You could see an orc warrior, 2 orc priests and 3 orcs.

Vanquished Creatures
  A bullfrog (D:6)
  A worker ant (D:6)
  3 orcs
5 creatures vanquished.

Notes
Turn   | Place    | Note
-------+----------+-------------------------------------------
     0 | D:5      | tabyourdongers the Troll Delver began the quest for the
                  | Orb.
     0 | D:5      | Reached XP level 1. HP: 22/22 MP: 0/0
     1 | D:6      | Noticed a worker ant
     6 | D:6      | Noticed a bullfrog
    10 | D:6      | Killed a worker ant
    11 | D:6      | Reached skill level 3 in Stealth
    11 | D:6      | Reached XP level 2. HP: 27/29 MP: 1/1
    13 | D:6      | Killed a bullfrog
    14 | D:6      | Reached XP level 3. HP: 26/36 MP: 2/2
    14 | D:6      | Reached XP level 4. HP: 31/44 MP: 3/3
    76 | D:6      | You fall into a shaft and drop 1 floor!
    77 | D:7      | Noticed an orc warrior
    91 | D:7      | Slain by an orc warrior

Illustrated notes

Levels and vault maps discovered:
D:5:      layout_rooms, minmay_temple_entry_fiery, enter_ossuary_3,
          dk_noncrumbling_2, minmay_crystal_room
D:6:      layout_cave_pods, led_sif_pool
D:7:      layout_cave_pools, tgw_fedhas, serial_shops,
          nicolae_shop_behind_doors, basic_altar

Skill      XL: |  1 |
---------------+----+-----
Stealth        | 3 |  3.6
Fighting       | |  2.7
Dodging        | |  1.8
Unarmed Combat | |  2.3

Action                   |  1- 3 |  4- 6 || total
-------------------------+-------+-------++-------
Melee: Unarmed           |     9 |    13 ||    22
       Punch             |     1 |       ||     1
Armor: Robe              |     2 |     6 ||     8
Dodge: Dodged            |     6 |     8 ||    14

Table legend: (Time is in decaauts)
 A = Elapsed time spent in this place.
 B = Non-inter-level travel time spent in this place.
 C = Inter-level travel time spent in this place.
 D = Time resting spent in this place.
 E = Time spent auto-exploring this place.
 F = Levels seen in this place.
 G = Mean time per level.
                   A        B        C        D        E       F      G
               +--------+--------+--------+--------+--------+-----+--------+
         Total |     89 |     89 |      0 |      0 |     50 |   3 |   29.7 |
       Dungeon |     89 |     89 |      0 |      0 |     50 |   3 |   29.7 |
               +--------+--------+--------+--------+--------+-----+--------+

Top non-repeatable levels by time:
     D:6: 74 daAuts
     D:7: 14 daAuts
     D:5: 1 daAuts
